 Dungeon Crawl Stone Soup version 0.27-a0-1232-gc6a4cbde82 (webtiles) character file.

Game seed: 7179872742320765734

1048 hilljack the Digger (level 8, 0/41 HPs)
             Began as a Gargoyle Earth Elementalist on June 9, 2021.
             Splashed by Ijyb's acid (12 damage)
             ... on level 5 of the Dungeon.
             The game lasted 00:15:35 (6974 turns).

hilljack the Digger (Gargoyle Earth Elementalist)   Turns: 6974, Time: 00:15:36

Health: 0/41       AC:  9    Str: 11    XL:     8   Next: 25%
Magic:  21/21      EV: 11    Int: 19    God:
Gold:   334        SH:  0    Dex: 15    Spells: 5/12 levels left

rFire    . . .     SeeInvis .   i - +5 mace of the Two Names {drain, Will+ Dex+5}
rCold    . . .     Faith    .   (no shield)
rNeg     + . .     Spirit   .   n - +0 leather armour
rPois    ∞         Reflect  .   (no helmet)
rElec    +         Harm     .   (no cloak)
rCorr    .         Rampage  .   f - +0 pair of gloves
Will     +....                  (no boots)
Stlth    ++........             (no amulet)
HPRegen  0.13/turn              j - ring of wizardry
MPRegen  0.17/turn              m - ring of magical power

@: no status effects
A: sickness immunity, AC +5, negative energy resistance 1, electricity
resistance, torment resistance 1, petrification resistance
a: no special abilities


You were on level 5 of the Dungeon.
You visited 1 branch of the dungeon, and saw 5 of its levels.
You also visited: Sewer.

You collected 334 gold pieces.

Inventory:

Hand Weapons
 c - the +2 falchion "Weorghe" {vorpal, rC+}
   (You found it on level 4 of the Dungeon)

   It inflicts extra damage upon your enemies.
   It protects you from cold.
 i - the +5 mace of the Two Names (weapon) {drain, Will+ Dex+5}
   (You found it on level 4 of the Dungeon)

   A truly terrible weapon, it drains the life of those it strikes.
   It affects your dexterity (+5).
   It increases your willpower.
Missiles
 b - 28 poisoned darts
 l - 130 stones
Armour
 f - a +0 pair of gloves (worn)
 n - a +0 leather armour (worn)
Jewellery
 j - a ring of wizardry (left hand)
 m - a ring of magical power (right hand)
Wands
 d - a wand of digging (4)
 e - a wand of paralysis (7)
Scrolls
 h - a scroll of immolation
Potions
 a - a potion of brilliance
 g - 2 potions of curing


   Skills:
 - Level 6.0 Maces & Flails
 - Level 1.5 Dodging
 - Level 2.1 Stealth
 + Level 2.7 Spellcasting
 - Level 4.3 Conjurations
 - Level 0.7 Transmutations
 - Level 7.2 Earth Magic


You had 5 spell levels left.
You knew the following spells:

 Your Spells              Type           Power      Damage    Failure   Level
a - Sandblast             Erth           60%        2d14      1%          1
b - Stone Arrow           Conj/Erth      48%        3d10      2%          3
c - Passwall              Tmut/Erth      14%        N/A       2%          2
d - Foxfire               Conj/Fire      40%        2x1d6     3%          1

Your spell library contained the following spells:

 Spells                   Type           Power      Damage    Failure   Level
 Shock                    Conj/Air       40%        1d5       3%          1
 Conjure Flame            Conj/Fire      10%        6-21      11%         3
 Lee's Rapid Deconstruct  Erth           15%        3d11*     12%         5
 Petrify                  Tmut/Erth      17%        N/A       16%         4
 Inner Flame              Hex/Fire       2%         N/A       24%         3
 Sticky Flame             Conj/Fire      10%        2d3       32%         4
 Fireball                 Conj/Fire      5%         3d5       65%         5


Dungeon Overview and Level Annotations

Branches:
Dungeon (5/15)              Sewer (visited)
 Temple: D:4-7

Altars:
Fedhas
Nemelex Xobeh
Ru
Sif Muna
Trog

Annotations:
D:2 1 runed translucent door, Crazy Yiuf
D:3 3 runed translucent doors, ArcanElement's ghost, amateur HuFi; robertstho's ghost, amateur DjFE
D:5 Ijyb


Innate Abilities, Weirdness & Mutations

You are immune to sickness and miasma.
Your stone body is resilient. (AC +5)
You are immune to poison.
You resist negative energy. (rN+)
You are resistant to electric shocks. (rElec)
You are resistant to unholy torment.
You are immune to petrification.


Message History

Press: ? - help, Q - select action, (/) - cycle Shift-Dir - straight line, f/p - gnoll
Aim: a gnoll, wielding a +0 spear (almost dead, 75% to hit)
The stone arrow hits the gnoll!
You kill the gnoll!
Your Maces & Flails skill increases to level 6!
You start resting.
HP restored.
Items here: )) [[.
Things that are here:
a +0 spear; a gnoll corpse
Things that are here:
a +0 whip; a gnoll corpse
Found a blossoming altar of Fedhas.
There is an open door here.
You open the door.
There is a blossoming altar of Fedhas here.
There is an open door here.
e - a wand of paralysis (7)
You see here a +0 short sword.
You now have 334 gold pieces (gained 5).
An adder zombie is nearby!
An adder zombie is nearby!
Ijyb the Twisted Goblin comes into view.
She is wielding a +0 club and carrying a wand of acid (8).
Ijyb shouts!
You closely miss the adder zombie. The adder zombie barely misses you.
You thump the adder zombie!
The adder zombie is heavily damaged.
The adder zombie completely misses you. Ijyb screams, "Me stronger than you!"
Ijyb zaps a wand.
The bolt of acid hits you but does no damage.
You are splashed with acid!
You hit the adder zombie but do no damage.
The adder zombie is heavily damaged.
The adder zombie bites you but does no damage.
Ijyb zaps a wand.
The bolt of acid hits you!!
Ouch! That really hurt!
* * * LOW HITPOINT WARNING * * *
You are splashed with acid!
You die...

#........ .##..<.....
..#####....# #.# #.....#
#####..## #.......
........#.....###.
###..g.......##.# #
#.....##.....##.. #
######..@Z........##.# ##
#..##..##..........#. #.
#.....###............. #.
#.......##............###
##.##..........≈≈≈≈≈≈≈≈≈.
##.###.#.......≈# #≈.
#..............≈## ####≈. ###
#............[.≈≈#g..#≈≈.
#.###.<.##......##..ggg.[#≈≈.


You could see Ijyb and an adder zombie.

Vanquished Creatures
  Menkaure (D:5)
  A water moccasin (D:4)
  Purgy (Sewer)
  An ogre (D:4)
  A centaur (D:5)
  A phantom (D:5)
  A gnoll sergeant (D:5)
  2 hounds
  A bullfrog skeleton (D:5)
  3 iguanas
  A killer bee zombie (D:5)
  A hound zombie (D:5)
  5 gnolls
  5 adders
  A white imp (D:3)
  An ufetubus (D:4)
  3 worms
  3 dart slugs (D:1)
  An orc (D:4)
  9 endoplasms
  5 giant cockroaches
  10 goblins
  9 hobgoblins
  12 jackals
  7 kobolds
  5 quokkas
  6 ball pythons
  6 bats
  17 frilled lizards
  6 rats
126 creatures vanquished.

Vanquished Creatures (others)
  5 plants (D:2)
5 creatures vanquished.

Grand Total: 131 creatures vanquished

Notes
Turn   | Place    | Note
-------+----------+-------------------------------------------
     0 | D:1      | hilljack the Gargoyle Earth Elementalist began the quest
                  | for the Orb.
     0 | D:1      | Reached XP level 1. HP: 10/10 MP: 3/3
    37 | D:1      | You fall into a shaft and drop 1 floor!
   237 | D:2      | Reached skill level 4 in Earth Magic
   470 | D:2      | Reached XP level 2. HP: 15/15 MP: 3/5
  1003 | D:1      | Reached XP level 3. HP: 19/19 MP: 4/6
  1294 | D:1      | Reached skill level 5 in Earth Magic
  1515 | D:1      | Found a faded altar of an unknown god.
  1875 | D:1      | Reached XP level 4. HP: 19/24 MP: 8/8
  1879 | D:1      | Learned a level 3 spell: Stone Arrow
  2306 | D:1      | Learned a level 2 spell: Passwall
  3186 | D:2      | Found a runed translucent door.
  3186 | D:2      | Noticed Crazy Yiuf
  3456 | D:3      | Reached skill level 1 in Conjurations
  3805 | D:3      | Found a bloodstained altar of Trog.
  3838 | D:3      | Reached XP level 5. HP: 23/28 MP: 4/9
  3892 | D:3      | Found a shimmering blue altar of Sif Muna.
  3895 | D:3      | Identified Sif Muna's Reference Book on Hurtful Air
  3971 | D:3      | Found a sparkling altar of Nemelex Xobeh.
  4065 | D:3      | Found a runed translucent gate.
  4066 | D:3      | Found a runed translucent gate.
  4067 | D:3      | Found a runed translucent gate.
  4068 | D:3      | Noticed robertstho's ghost (amateur DjFE)
  4069 | D:3      | Noticed ArcanElement's ghost (amateur HuFi)
  4374 | D:4      | Reached skill level 6 in Earth Magic
  4684 | D:4      | Noticed an ogre
  4695 | D:4      | Killed an ogre
  4696 | D:4      | Reached XP level 6. HP: 14/32 MP: 6/10
  5407 | D:4      | Identified the +5 mace of the Two Names {drain, Will+
                  | Dex+5}
  5675 | D:4      | Learned a level 1 spell: Foxfire
  5706 | D:5      | Entered Level 5 of the Dungeon
  5715 | D:5      | Reached skill level 7 in Earth Magic
  5719 | D:5      | Reached XP level 7. HP: 27/36 MP: 1/11
  5859 | D:5      | Reached skill level 1 in Maces & Flails
  5896 | D:5      | Noticed Menkaure
  5903 | D:5      | Killed Menkaure
  5926 | D:4      | Found a sacrificial altar of Ru.
  5931 | D:4      | Identified the +2 falchion "Weorghe" {vorpal, rC+}
  6238 | D:5      | Reached XP level 8. HP: 25/41 MP: 12/12
  6336 | D:5      | Found a glowing drain.
  6348 | Sewer    | Entered a sewer
  6565 | Sewer    | Noticed Purgy
  6567 | Sewer    | Killed Purgy
  6568 | Sewer    | Reached skill level 5 in Maces & Flails
  6919 | D:5      | Found a blossoming altar of Fedhas.
  6968 | D:5      | Noticed Ijyb
  6974 | D:5      | Splashed by Ijyb's acid

Illustrated notes

Levels and vault maps discovered:
D:1:      scummos_arrival_forest, layout_basic,
          hellmonk_ecumenical_altar_blasted, st_stairs_12, minivault_11
D:2:      layout_loops_corners, minivault_5, minmay_lizard_king,
          uniq_crazy_yiuf_cottage
D:3:      layout_rooms, nzn_overflow_gifts_of_might_and_magic,
          lemuel_crystal_altar, gammafunk_ghost_cemetery, supply_closet_lemuel
D:4:      layout_loops_cross, nicolae_overflow_hidden_temple
D:5:      layout_cave_pools, kennysheep_mini_moat, gup_sewer_entry_bubbles,
          serial_glass, glass_columns_a, glass_columns_c,
          minmay_stone_trees_small, lightli_minifort, uniq_menkaure, uniq_ijyb

Skill      XL: |  1  2  3  4  5  6  7  8 |
---------------+-------------------------+-----
Earth Magic    | 4 5 6 7 |  7.2
Conjurations   | 1 3 4 |  4.3
Maces & Flails | 4 6 |  6.0
Dodging        | |  1.5
Stealth        | |  2.1
Spellcasting   | |  2.7
Transmutations | |  0.7

Action                   |  1- 3 |  4- 6 |  7- 9 || total
-------------------------+-------+-------+-------++-------
Melee: Dagger            |    97 |    17 |       ||   114
       Whip              |       |   101 |       ||   101
       Mace              |       |     9 |    57 ||    66
 Cast: Sandblast         |    30 |    26 |       ||    56
       Stone Arrow       |       |    11 |    22 ||    33
  Use: Scroll            |       |     9 |     2 ||    11
       Potion            |       |     2 |     3 ||     5
 Stab: Sleeping          |       |     2 |     2 ||     4
Armor: Robe              |    43 |     6 |       ||    49
       Leather armour    |       |    58 |    46 ||   104
Dodge: Dodged            |    61 |    80 |    67 ||   208

Table legend: (Time is in decaauts)
 A = Elapsed time spent in this place.
 B = Non-inter-level travel time spent in this place.
 C = Inter-level travel time spent in this place.
 D = Time resting spent in this place.
 E = Time spent auto-exploring this place.
 F = Levels seen in this place.
 G = Mean time per level.
                   A        B        C        D        E       F      G
               +--------+--------+--------+--------+--------+-----+--------+
         Total |   7031 |   6876 |    155 |   1865 |   3925 |   6 | 1171.8 |
       Dungeon |   6711 |   6556 |    155 |   1730 |   3784 |   5 | 1342.2 |
         Sewer |    320 |    320 |      0 |    135 |    141 |   1 |  320.0 |
               +--------+--------+--------+--------+--------+-----+--------+

Top non-repeatable levels by time:
     D:2: 1980 daAuts
     D:4: 1677 daAuts
     D:1: 1306 daAuts
     D:3: 1030 daAuts
     D:5: 715 daAuts
   Sewer: 320 daAuts
